 Dungeon Crawl Stone Soup version 0.27-a0-899-ge2d0b17c59 (webtiles) character file.

Game seed: 18030173128283984535

42 CurlyBrace the Vexing (level 3, -3/16 HPs)
             Began as a Felid Enchanter on Apr 6, 2021.
             Killed from afar by a steam dragon (13 damage)
             ... with a ball of steam
             ... on level 7 of the Dungeon.
             The game lasted 00:04:14 (422 turns).

CurlyBrace the Vexing (Felid Enchanter)              Turns: 422, Time: 00:04:14

Health: -3/16      AC:  1    Str:  5    XL:     3   Next: 35%
Magic:  7/7        EV: 18    Int: 16    God:
Gold:   53         SH:  0    Dex: 16    Spells: 2/6 levels left
                                        Lives:  0   Deaths: 0

rFire    . . .     SeeInvis +     - Unarmed
rCold    . . .     Faith    .   (shield unavailable)
rNeg     . . .     Spirit   .   (armour unavailable)
rPois    .         Reflect  .   (helmet unavailable)
rElec    .         Harm     .   (cloak unavailable)
rCorr    .         Rampage  .   (gloves unavailable)
Will     .....                  (boots unavailable)
Stlth    +++.......             (no amulet)
HPRegen  0.05/turn              (no ring)
MPRegen  0.10/turn              (no ring)

@: quick
A: very small, claws 1, fangs 3, see invisible, speed 1, shaggy fur 1, stealthy
paws, no weapons or thrown items, no armour, multi-lived
a: no special abilities


You were on level 7 of the Dungeon.
You visited 1 branch of the dungeon, and saw 8 of its levels.

You collected 53 gold pieces.

Inventory:

Scrolls
 r - a scroll of identify
Potions
 a - a potion of attraction


   Skills:
 * Level 1.8 Fighting
 + Level 3.3 Dodging
 - Level 4.0 Stealth
 * Level 2.2 Unarmed Combat
 - Level 2.0 Spellcasting
 - Level 4.4 Hexes
 + Level 0.0 Translocations
 + Level 0.0 Ice Magic


You had 2 spell levels left.
You knew the following spells:

 Your Spells              Type           Power      Damage    Failure   Level
a - Corona                Hex            16%        N/A       3%          1
b - Apportation           Tloc           2%         N/A       21%         1
c - Ensorcelled Hibernat  Hex/Ice        16%        N/A       13%         2

Your spell library contained the following spells:

 Spells                   Type           Power      Damage    Failure   Level
 Animate Skeleton         Necr           2%         N/A       21%         1
 Summon Small Mammal      Summ           4%         N/A       21%         1
 Confusing Touch          Hex            15%        N/A       11%         3
 Tukima's Dance           Hex            15%        N/A       11%         3
 Dazzling Flash           Conj/Hex       16%        N/A       26%         3


Dungeon Overview and Level Annotations

Branches:
Dungeon (8/15)
 Temple: D:4-7         Lair: D:8-11

Altars:

Annotations:
D:2 Natasha
D:7 exclusion: steam dragon, Maggie


Innate Abilities, Weirdness & Mutations

You have sharp claws.
You have razor-sharp teeth.
You have supernaturally acute eyesight. (SInv)
You cover ground quickly. (Speed+)
You are covered in fur. (AC +1)
Your stealthy paws help you sneak and pounce on unaware monsters.
You are incapable of wielding weapons or throwing items.
You cannot wear armour.
You gain extra lives every three experience levels.


Message History

A phantom comes into view.
You close the door.
A phantom opens the door.
Found a stone staircase leading down.
There is a stone staircase leading down here.
You climb downwards.
You hear the hiss of flowing sand.
There is an entrance to an ossuary on this level.
Hurry and find it before the portal is buried!
A steam dragon and Maggie come into view.
Maggie is wielding a +1 war axe of flaming.
Found a scale mail.
Found a stone staircase leading down.
There is a stone staircase leading up here.
Found a buckler.
Press: ? - help, . - travel You can't see that place. [the floor.]
Press: ? - help, . - travel You can't see that place. [the floor.] Placed new exclusion.
You see here a +0 buckler.
Found a golden potion.
You see here a golden potion.
As you read the scroll of identify, it crumbles to dust. a potion of degeneration
Found a stone staircase leading down.
There is a stone staircase leading down here.
You climb downwards.
There is a stone staircase leading up here.
You climb upwards.
You hear the hiss of flowing sand.
There is an entrance to an ossuary on this level.
Hurry and find it before the portal is buried!
Level annotation: exclusion: steam dragon, Maggie
There is a stone staircase leading down here.
Found a notched silver ring.
A steam dragon comes into view.
The steam dragon hisses angrily.
The steam dragon breathes steam at you. The ball of steam hits you!
Ouch! That really hurt!
You die...

...#.# #.# #....# #.#
#.#### #.#
#.#############.#
#...............#
#..############.####.#.#
.[.# #........# ...##
#.####.### ....#
#.@§D..... .......
........####.## ........
.#.####.# .#..###.. #.#
.#..# # #.# .#..# #.# .#
.# ... #.#


You could see a steam dragon (catching breath).

Vanquished Creatures
  A howler monkey (D:5)
  2 hobgoblins (D:2)
  A quokka (D:2)
  2 ball pythons
  A bat (D:2)
  A frilled lizard (D:2)
  A rat (D:2)
9 creatures vanquished.

Notes
Turn   | Place    | Note
-------+----------+-------------------------------------------
     0 | D:1      | CurlyBrace the Felid Enchanter began the quest for the Orb.
     0 | D:1      | Reached XP level 1. HP: 7/7 MP: 4/4
    86 | D:2      | Learned a level 1 spell: Apportation
   111 | D:2      | Noticed Natasha
   227 | D:3      | Reached XP level 2. HP: 11/12 MP: 6/6
   270 | D:5      | Entered Level 5 of the Dungeon
   292 | D:5      | Noticed a howler monkey
   307 | D:5      | Killed a howler monkey
   308 | D:5      | Reached skill level 1 in Fighting
   308 | D:5      | Reached XP level 3. HP: 5/16 MP: 7/7
   311 | D:5      | Learned a level 2 spell: Ensorcelled Hibernation
   367 | D:6      | Noticed a phantom
   376 | D:7      | Noticed Maggie
   376 | D:7      | Noticed a steam dragon
   421 | D:7      | Noticed a steam dragon
   422 | D:7      | Killed from afar by a steam dragon

Illustrated notes

Levels and vault maps discovered:
D:1:      zaba_arrival_water, layout_basic, basic_ecumenical_altar, st_stairs_13
D:2:      layout_loops_ring, uniq_natasha, uniq_terence
D:3:      layout_loops_corners, nicolae_ru_great_annihilating_truth,
          biasface_ghost_orc_armoury, uniq_sigmund, uniq_robin
D:4:      layout_cave_pools
D:5:      layout_basic, grunt_temple_overflow_open
D:6:      black_bear_nest_2, layout_basic, kennysheep_opposing_triangles
D:7:      layout_loops_ring, minmay_temple_entry_ruins, enter_ossuary_2,
          uniq_maggie
D:8:      layout_cave_pods, ebering_ghost_disaster_area

Skill      XL: |  1  2 |
---------------+-------+-----
Fighting       | 1 |  1.8
Dodging        | 3 |  3.3
Unarmed Combat | 2 |  2.2
Stealth        | |  4.0
Spellcasting   | |  2.0
Hexes          | |  4.4

Action                   || total
-------------------------++-------
Melee: Unarmed           ||    34
       Bite              ||     2
 Cast: Corona            ||     2
       Apportation       ||     2
  Use: Potion            ||     2
       Scroll            ||     2
 Stab: Sleeping          ||     3
Armor: Skin              ||     3
Dodge: Dodged            ||    38

Table legend: (Time is in decaauts)
 A = Elapsed time spent in this place.
 B = Non-inter-level travel time spent in this place.
 C = Inter-level travel time spent in this place.
 D = Time resting spent in this place.
 E = Time spent auto-exploring this place.
 F = Levels seen in this place.
 G = Mean time per level.
                   A        B        C        D        E       F      G
               +--------+--------+--------+--------+--------+-----+--------+
         Total |    363 |    363 |      0 |      0 |      0 |   8 |   45.4 |
       Dungeon |    363 |    363 |      0 |      0 |      0 |   8 |   45.4 |
               +--------+--------+--------+--------+--------+-----+--------+

Top non-repeatable levels by time:
     D:2: 83 daAuts
     D:1: 74 daAuts
     D:5: 71 daAuts
     D:3: 47 daAuts
     D:7: 36 daAuts
     D:4: 31 daAuts
     D:6: 17 daAuts
     D:8: 1 daAuts
